 Dungeon Crawl Stone Soup version 0.25-a0-1056-g2efb326896 (webtiles) character file.

Game seed: 10987685128461294632, levelgen mode: deterministic

1836 Esekla the Magician (level 9, 0/56 HPs)
             Began as an Octopode Wizard on May 13, 2020.
             Was a Believer of Qazlal.
             Slain by a centaur (5 damage)
             ... on level 6 of the Dungeon on May 14, 2020.
             The game lasted 01:17:40 (9968 turns).

Esekla the Magician (Octopode Wizard)               Turns: 9968, Time: 01:17:40

Health: 0/56       AC:  2    Str:  8    XL:     9   Next: 11%
Magic:  11/18      EV: 14    Int: 22    God:    Qazlal [**....]
Gold:   197        SH:  3    Dex: 10    Spells: 2/20 levels left

rFire    . . .     SeeInvis .   e - +0 long sword (elec)
rCold    . . .     Gourm    .   (no shield)
rNeg     . . .     Faith    .   a - +1 hat
rPois    .         Spirit   .   (no amulet)
rElec    .         Reflect  .   (no ring)
rCorr    .         Harm     .   (no ring)
MR       .....                  (no ring)
Stlth    ++........             (no ring)
HPRegen  0.18/turn              (no ring)
MPRegen  0.16/turn              (no ring)
                                (no ring)
                                (no ring)

@: no status effects
A: almost no armour, stealthy swim, amphibious, 8 rings, constrict 8, camouflage
1, gelatinous body 1
a: Upheaval, Renounce Religion


You were on level 6 of the Dungeon.
You worshipped Qazlal.
Qazlal was pleased with you.
You were not hungry.

You visited 2 branches of the dungeon, and saw 7 of its levels.
You also visited: Ossuary.

You collected 218 gold pieces.
You spent 21 gold pieces at shops.

Inventory:

Hand Weapons
 e - a +0 long sword of electrocution (weapon)
 f - a +2 dagger of flaming
 s - a +2 dagger of speed
 u - a +0 dagger
 v - a +1 vampiric scythe
Missiles
 B - 9 boomerangs (quivered)
Armour
 a - a +1 hat (worn)
Wands
 y - a wand of flame (10)
Scrolls
 d - 3 scrolls of teleportation
 g - a scroll of noise {unknown}
 h - a scroll of remove curse {unknown}
 l - 2 scrolls of enchant armour
 n - a scroll of immolation {unknown}
 o - a scroll of fog {unknown}
 q - a scroll of enchant weapon {unknown}
 r - a scroll of amnesia {unknown}
 t - 5 scrolls of identify
 A - a scroll of blinking {unknown}
 C - a scroll of random uselessness {unknown}
Potions
 b - 2 potions of curing
 i - 4 potions of stabbing
 j - 2 potions of cancellation
 k - a potion of might
 m - a potion of mutation
 p - a potion of flight
 w - 3 potions of haste
 z - a potion of ambrosia
Comestibles
 c - 7 rations


   Skills:
 + Level 3.1 Fighting
 + Level 1.9(2.8) Short Blades
 + Level 3.2(3.5) Long Blades
 + Level 0.1 Throwing
 + Level 3.8 Dodging
 - Level 2.6 Stealth
 * Level 6.4 Spellcasting
 + Level 3.7 Conjurations
   Level 1.0 Summonings
 + Level 2.4 Translocations
 * Level 3.7 Fire Magic
 * Level 2.3 Air Magic
 * Level 3.0 Poison Magic


You had 2 spell levels left.
You knew the following spells:

 Your Spells              Type           Power        Failure   Level  Hunger
a - Magic Dart            Conj           ###.         1%          1    None
b - Blink                 Tloc           N/A          4%          2    None
c - Mephitic Cloud        Conj/Pois/Air  ###.....     8%          3    #......
f - Conjure Flame         Conj/Fire      ###.....     5%          3    #......
r - Fireball              Conj/Fire      ###.......   45%         5    #####..
y - Sticky Flame          Conj/Fire      ###.....     19%         4    ###....

Your spell library contained the following spells:

 Spells                   Type           Power        Failure   Level  Hunger
 Foxfire                  Conj/Fire      ###.         1%          1    None
 Call Imp                 Summ           ##......     9%          2    None
 Slow                     Hex            #.......     13%         2    None
 Inner Flame              Hex/Fire       ###.....     12%         3    #......


Dungeon Overview and Level Annotations

Branches:
Dungeon (6/15)             Temple (1/1) D:4         Ossuary (visited)

Altars:
Ashenzari
Cheibriados
Dithmenos
Elyvilon
Fedhas
Gozag
Hepliaklqana
Kikubaaqudgha
Makhleb
Nemelex Xobeh
Okawaru
Qazlal
Ru
Sif Muna
Trog
Uskayaw
Vehumet
Wu Jian
Xom
Yredelemnul
Zin
The Shining One

Shops:
D:5 *%


Innate Abilities, Weirdness & Mutations

You cannot wear most types of armour.
You are very stealthy in the water. (Stealth+)
You are amphibious.
You can wear up to eight rings at the same time.
You can use your tentacles to constrict eight enemies at once.
Your skin changes colour to match your surroundings (Stealth+).
Your rubbery body absorbs attacks. (AC +1, EV +1)


Message History

The spell is quite dangerous to cast (19% risk of failure)!
Continue anyway?
Okay, then.
You barely miss the orc. You grab the orc.
The orc is heavily wounded.
You constrict the orc, but do no damage.
The centaur zombie hits you.
* * * LOW HITPOINT WARNING * * *
The orc hits you with a +0 hand axe.
* * * LOW HITPOINT WARNING * * *
Something closely misses the centaur.
Casting: Sticky Flame (quite dangerous; 19% risk of failure)
Confirm with . or Enter, or press ? or * to list all spells.
Okay, then.
Okay, then.
Casting: Sticky Flame (quite dangerous; 19% risk of failure)
Confirm with . or Enter, or press ? or * to list all spells.
You blink.
You lose your grip on the orc.
The centaur hits you.
* * * LOW HITPOINT WARNING * * *
The centaur hits you.
You die...

##§#####...... #
#........... .#
......#.... ..#
.#.....#... ..#
###.##...........#
#... #.......#..#
#...###.###....#
#....○......#..##.
#.....@...........#
#.....c.....#......#
#......{............
#.....Z.....######..
#...°.o.....# #
#..o§.......#
#############


You could see a centaur, 2 orcs and a centaur zombie.

Vanquished Creatures
  Sigmund (D:2)
  A water moccasin (D:5)
  An ice beast (D:5)
  4 ogres
  2 centaurs
  A big kobold (D:3)
  2 bullfrogs
  2 scorpions
  A howler monkey (D:5)
  A crimson imp (D:5)
  A hound (D:5)
  A bullfrog skeleton (D:4)
  Natasha (thrice) (D:3)
  3 worker ants
  8 big kobold zombies (Ossuary)
  A mummy (Ossuary)
  Robin (D:2)
  4 gnolls (D:3)
  8 adders
  A shadow imp (D:5)
  An ooze (D:5)
  An adder zombie (D:5)
  A worm (D:2)
  3 dart slugs
  4 leopard geckos
  8 orcs
  4 spectral bats (Ossuary)
  5 bats
  2 giant cockroaches
  4 gnoll zombies (Ossuary)
  7 goblins
  17 hobgoblins
  8 jackals
  3 kobolds
  A quokka (D:5)
  A ball python (D:4)
  3 bat simulacra (Ossuary)
  4 frilled lizards
  3 goblin simulacra (Ossuary)
  3 goblin zombies (Ossuary)
  8 hobgoblin zombies (Ossuary)
  A kobold simulacrum (Ossuary)
  2 kobold zombies (Ossuary)
  5 orc zombies (Ossuary)
  11 rats
  A rat simulacrum (Ossuary)
  2 spectral goblins (Ossuary)
  3 spectral kobolds (Ossuary)
  4 spectral rats (Ossuary)
  A butterfly (D:4)
168 creatures vanquished.

Notes
Turn   | Place    | Note
-------+----------+-------------------------------------------
     0 | D:1      | Esekla the Octopode Wizard began the quest for the Orb.
     0 | D:1      | Reached XP level 1. HP: 11/11 MP: 4/4
   311 | D:2      | Noticed a bullfrog
   380 | D:3      | Reached XP level 2. HP: 18/18 MP: 1/6
   514 | D:3      | Learned a level 2 spell: Blink
   694 | D:3      | Noticed Natasha
   715 | D:3      | Noticed a big kobold
   825 | D:4      | Noticed an ogre
   947 | D:1      | Reached XP level 3. HP: 22/22 MP: 5/8
   969 | D:2      | Learned a level 3 spell: Mephitic Cloud
   973 | D:2      | Learned a level 3 spell: Conjure Flame
  1068 | D:4      | Noticed a scorpion
  1146 | D:5      | Entered Level 5 of the Dungeon
  1226 | D:5      | Noticed an ice beast
  1292 | D:5      | Found a sand-covered staircase.
  1300 | Ossuary  | Entered an ossuary
  1935 | Ossuary  | Reached skill level 1 in Fighting
  2528 | Ossuary  | Reached XP level 4. HP: 28/28 MP: 3/9
  2918 | Ossuary  | Reached skill level 4 in Spellcasting
  3147 | Ossuary  | Reached XP level 5. HP: 19/33 MP: 0/11
  4217 | Ossuary  | Reached skill level 1 in Fire Magic
  4545 | Ossuary  | Reached XP level 6. HP: 38/38 MP: 5/12
  5097 | D:5      | Found Noufej's Assorted Antiques.
  5098 | D:5      | Noticed a water moccasin
  5109 | D:5      | Killed a water moccasin
  5132 | D:5      | Bought a scroll labeled QAIXTY SODIHI for 21 gold pieces
  5710 | D:5      | Reached skill level 5 in Spellcasting
  5798 | D:4      | Found a staircase to the Ecumenical Temple.
  5813 | Temple   | Entered the Ecumenical Temple
  6017 | Temple   | Became a worshipper of Qazlal Stormbringer
  6157 | D:1      | Reached skill level 1 in Short Blades
  6618 | D:2      | Reached XP level 7. HP: 37/45 MP: 10/14
  6718 | D:2      | Reached * piety under Qazlal
  6738 | D:2      | Found an ancient bone altar of Kikubaaqudgha.
  6742 | D:2      | Noticed Robin
  6915 | D:2      | Learned a level 4 spell: Sticky Flame
  7182 | D:2      | Noticed Sigmund
  7346 | D:3      | Killed Natasha
  7369 | D:3      | Noticed Natasha
  7377 | D:3      | Killed Natasha
  7436 | D:3      | Noticed Natasha
  7441 | D:3      | Killed Natasha
  7560 | D:3      | Found a faded altar of an unknown god.
  7725 | D:3      | Reached skill level 1 in Poison Magic
  8038 | D:2      | Killed Sigmund
  8038 | D:2      | Reached skill level 1 in Long Blades
  8038 | D:2      | Reached skill level 1 in Air Magic
  8038 | D:2      | Reached XP level 8. HP: 50/50 MP: 11/16
  8111 | D:2      | Reached ** piety under Qazlal
  8112 | D:2      | Killed Robin
  8940 | D:4      | Reached skill level 6 in Spellcasting
  9074 | D:5      | Learned a level 5 spell: Fireball
  9195 | D:5      | Found Siug's Food Shop.
  9489 | D:5      | Reached XP level 9. HP: 42/56 MP: 18/18
  9968 | D:6      | Slain by a centaur

Illustrated notes

Levels and vault maps discovered:
D:1:      tarquinn_simple_flora_water_e, layout_loops_ring, minmay_bisected
D:2:      layout_basic, lemuel_tele_altar, uniq_sigmund, uniq_robin
D:3:      layout_loops_ring, chequers_ecumenical_altar_lobes, corexii_shack,
          grunt_ministairs_9, uniq_natasha
D:4:      layout_basic, minmay_temple_entry_butterflies, minmay_misc_feat_room,
          sigmund_army
D:5:      layout_basic, first_ration, enter_ossuary_2, serial_shops,
          shop_statue, shop
D:6:      layout_rooms, corexii_checkpoint_b
Temple:   kilobyte_greek_temple

Skill      XL: |  1  2  3  4  5  6  7  8  9 |
---------------+----------------------------+-----
Fighting       | 1 2 3 |  3.1
Spellcasting   | 4 5 6 |  6.4
Translocations | 2 |  2.4
Fire Magic     | 1 2 3 |  3.7
Dodging        | 3 |  3.8
Conjurations   | 2 3 |  3.7
Short Blades   | 1 |  1.9
Poison Magic   | 1 2 3 |  3.0
Long Blades    | 1 3 |  3.2
Air Magic      | 1 2 |  2.3
Throwing       | |  0.1
Stealth        | |  2.6
Summonings     | |  1.0

Action                   |  1- 3 |  4- 6 |  7- 9 || total
-------------------------+-------+-------+-------++-------
Melee: Dagger            |    84 |    60 |    18 ||   162
       Constrict         |    15 |    20 |    29 ||    64
       Tentacles         |     6 |     8 |    21 ||    35
       Long sword        |       |       |    95 ||    95
Throw: Boomerang         |       |       |     3 ||     3
 Cast: Magic Dart        |   101 |   156 |    91 ||   348
       Conjure Flame     |     2 |     7 |       ||     9
       Blink             |       |     2 |     5 ||     7
       Mephitic Cloud    |       |       |    11 ||    11
       Sticky Flame      |       |       |     1 ||     1
  Use: Scroll            |     6 |     4 |     2 ||    12
       Potion            |     1 |     1 |     3 ||     5
 Stab: Sleeping          |     7 |    11 |     2 ||    20
       Confused          |       |       |     2 ||     2
  Eat: Ration            |     1 |     3 |       ||     4
       Chunk             |       |     5 |    11 ||    16
Armor: Skin              |    31 |    29 |    11 ||    71
Dodge: Dodged            |    88 |    92 |    88 ||   268
Block: Other             |       |       |     6 ||     6
       Rpst.: Long sword |       |       |    25 ||    25

Table legend:
 A = Non-vault XP
 B = Vault XP
 C = Vault XP percentage of total XP
 D = Non-vault monster count
 E = Vault monster count
 F = Vault count percentage of total count
                 A         B        C        D         E       F
            +---------+---------+-------+---------+---------+-------
      Total |    2051 |     572 |  21.8 |      93 |      74 |  44.3
            +---------+---------+-------+---------+---------+-------
        D:1 |      34 |       5 |  12.8 |      19 |       4 |  17.4
        D:2 |     186 |     246 |  56.9 |      22 |      12 |  35.3
        D:3 |     258 |      40 |  13.4 |      15 |       4 |  21.1
        D:4 |     633 |       5 |   0.8 |      11 |       2 |  15.4
        D:5 |     908 |       0 |   0.0 |      25 |       0 |   0.0
        D:6 |      32 |       0 |   0.0 |       1 |       0 |   0.0
    Ossuary |       0 |     276 | 100.0 |       0 |      52 | 100.0
            +---------+---------+-------+---------+---------+-------
